MAA
GLENBURN BABOONS @ NORTONVILLE CHEROKEES
07/26/2018
 
TOP OF THE 1ST
Glenburn Baboons batting - Pitching for Nortonville Cherokees : LHP Homer O'Lannigan
Pitching: LHP Homer O'Lannigan
Batting: RHB Edgar García 0-0: Bunted foul
0-1: Called Strike
0-2: Ground out 1-3 (Groundball, 13S)
Batting: RHB Isaac Downey 0-0: Called Strike
0-1: Swinging Strike
0-2: Ball
1-2: Ball
2-2: Fly out, F4 (Popup, 4D)
Batting: LHB Jim Vaughan 0-0: Ball
1-0: Foul Ball, location: 2F
1-1: Called Strike
1-2: Ball
2-2: SINGLE (Groundball, 4MD)
Batting: RHB Dustin Walker 0-0: Swinging Strike
0-1: Swinging Strike
0-2: Ball
1-2: Fielders Choice at 2nd, 6-4 (Groundball, 6)
Top of the 1st over - 0 run(s), 1 hit(s), 0 error(s), 0 left on base; Glenburn 0 - Nortonville 0
BOTTOM OF THE 1ST
Nortonville Cherokees batting - Pitching for Glenburn Baboons : RHP Clay Clark
Pitching: RHP Clay Clark
Batting: RHB Chris Oudekirk 0-0: Ball
1-0: Fly out, F8 (Flyball, 78S)
Batting: RHB Víctor López 0-0: Called Strike
0-1: Ball
1-1: Ground out 1-3 (Groundball, 13)
Batting: RHB José Correa 0-0: Ball
1-0: Ball
2-0: Ball
3-0: Called Strike
3-1: Base on Balls
Batting: RHB Bob MacGruder 0-0: Swinging Strike
0-1: SINGLE (Groundball, 15) (infield hit)
José Correa to second
Batting: RHB Lane Hancock 0-0: Foul Ball, location: 2F
0-1: Ball
1-1: Called Strike
1-2: Foul Ball, location: 2F
1-2: Ball
2-2: Foul Ball, location: 2F
2-2: Reached on error, E1 (Groundball, 13S)
José Correa to third
Bob MacGruder to second
Batting: RHB Ron Schneider 0-0: Ball
1-0: Foul Ball, location: 2F
1-1: Swinging Strike
1-2: Strikes out swinging
Bottom of the 1st over - 0 run(s), 1 hit(s), 1 error(s), 3 left on base; Glenburn 0 - Nortonville 0
TOP OF THE 2ND
Glenburn Baboons batting - Pitching for Nortonville Cherokees : LHP Homer O'Lannigan
Batting: RHB Abdurahman Paloka 0-0: Foul Ball, location: 2F
0-1: Foul Ball, location: 2F
0-2: Ball
1-2: Strikes out swinging
Batting: LHB Joe McElroy 0-0: Ball
1-0: Called Strike
1-1: Fly out, F7 (Line Drive, 7S)
Batting: RHB Eddie Davis 0-0: Called Strike
0-1: Ball
1-1: Ball
2-1: Called Strike
2-2: Foul Ball, location: 2F
2-2: Ground out 2-3 (Groundball, 23)
Top of the 2nd over - 0 run(s), 0 hit(s), 0 error(s), 0 left on base; Glenburn 0 - Nortonville 0
BOTTOM OF THE 2ND
Nortonville Cherokees batting - Pitching for Glenburn Baboons : RHP Clay Clark
Batting: RHB Edén Mont 0-0: Called Strike
0-1: Ground out 5-3 (Groundball, 5S)
Batting: RHB David Smith 0-0: Ball
1-0: Ball
2-0: Called Strike
2-1: Ball
3-1: Foul Ball, location: 2F
3-2: Base on Balls
Batting: SHB Gonzalo Valentín 0-0: Called Strike
0-1: Foul Ball, location: 2F
0-2: Ball
1-2: Strikes out looking
Batting: RHB Chris Oudekirk 0-0: Called Strike
0-1: Ball
1-1: Fly out, F4 (Popup, 34)
Bottom of the 2nd over - 0 run(s), 0 hit(s), 0 error(s), 1 left on base; Glenburn 0 - Nortonville 0
TOP OF THE 3RD
Glenburn Baboons batting - Pitching for Nortonville Cherokees : LHP Homer O'Lannigan
Batting: RHB Tim Martínez 0-0: Called Strike
0-1: SINGLE (Line Drive, 4D)
Batting: RHB Tim Burnett 0-0: Grounds into double play, 1-6-3 (Groundball, 15)
Batting: RHB Edgar García 0-0: Ball
1-0: Foul Ball, location: 2F
1-1: Ground out 5-3 (Groundball, 5L)
Top of the 3rd over - 0 run(s), 1 hit(s), 0 error(s), 0 left on base; Glenburn 0 - Nortonville 0
BOTTOM OF THE 3RD
Nortonville Cherokees batting - Pitching for Glenburn Baboons : RHP Clay Clark
Batting: RHB Víctor López 0-0: Called Strike
0-1: Fly out, F9 (Flyball, 9M)
Batting: RHB José Correa 0-0: Ball
1-0: Ball
2-0: Ground out 5-3 (Groundball, 5)
Batting: RHB Bob MacGruder 0-0: Ball
1-0: Ball
2-0: Ball
3-0: Called Strike
3-1: Swinging Strike
3-2: Ground out 5-3 (Groundball, 56)
Bottom of the 3rd over - 0 run(s), 0 hit(s), 0 error(s), 0 left on base; Glenburn 0 - Nortonville 0
TOP OF THE 4TH
Glenburn Baboons batting - Pitching for Nortonville Cherokees : LHP Homer O'Lannigan
Batting: RHB Isaac Downey 0-0: Swinging Strike
0-1: DOUBLE (Flyball, 8LM)
Batting: LHB Jim Vaughan 0-0: SINGLE (Groundball, 34S)
Isaac Downey to third
Runner from 3rd tries for Home, SAFE, no throw or cutoff
Batting: RHB Dustin Walker 0-0: Swinging Strike
0-1: Grounds into double play, 4-6-3 (Groundball, 4)
Batting: RHB Abdurahman Paloka 0-0: Foul Ball, location: 2F
0-1: Ball
1-1: Foul Ball, location: 2F
1-2: Foul Ball, location: 2F
1-2: Strikes out looking
Top of the 4th over - 1 run(s), 2 hit(s), 0 error(s), 0 left on base; Glenburn 1 - Nortonville 0
BOTTOM OF THE 4TH
Nortonville Cherokees batting - Pitching for Glenburn Baboons : RHP Clay Clark
Batting: RHB Lane Hancock 0-0: Ground out 4-3 (Groundball, 4M)
Batting: RHB Ron Schneider 0-0: Foul Ball, location: 2F
0-1: Ball
1-1: Swinging Strike
1-2: Foul Ball, location: 2F
1-2: Ball
2-2: Strikes out swinging
Batting: RHB Edén Mont 0-0: Ball
1-0: DOUBLE (Line Drive, 8LM) - OUT at third base trying to stretch hit.
Bottom of the 4th over - 0 run(s), 1 hit(s), 0 error(s), 0 left on base; Glenburn 1 - Nortonville 0
TOP OF THE 5TH
Glenburn Baboons batting - Pitching for Nortonville Cherokees : LHP Homer O'Lannigan
Batting: LHB Joe McElroy 0-0: Swinging Strike
0-1: Swinging Strike
0-2: Ball
1-2: Foul Ball, location: 2F
1-2: Strikes out swinging
Batting: RHB Eddie Davis 0-0: Foul Ball, location: 2F
0-1: Foul Ball, location: 2F
0-2: Ball
1-2: Ball
2-2: Fly out, F8 (Flyball, 8LM)
Batting: RHB Tim Martínez 0-0: Called Strike
0-1: Called Strike
0-2: SINGLE (Groundball, 4MD)
Batting: RHB Tim Burnett 0-0: Foul Ball, location: 2F
0-1: Ball
1-1: Called Strike
1-2: Foul Ball, location: 2F
1-2: Strikes out swinging
Top of the 5th over - 0 run(s), 1 hit(s), 0 error(s), 1 left on base; Glenburn 1 - Nortonville 0
BOTTOM OF THE 5TH
Nortonville Cherokees batting - Pitching for Glenburn Baboons : RHP Clay Clark
Batting: RHB David Smith 0-0: Ball
1-0: Called Strike
1-1: Ball
2-1: DOUBLE (Line Drive, 7LD)
Batting: SHB Gonzalo Valentín 0-0: Swinging Strike
0-1: Ball
Passed Ball!
David Smith to third
1-1: Fly out, F7 (Flyball, 7LS)
Batting: RHB Chris Oudekirk 0-0: Ball
1-0: Fly out, F6 (Line Drive, 6)
Batting: RHB Víctor López 0-0: Ball
1-0: Called Strike
1-1: Swinging Strike
1-2: Fly out, F7 (Line Drive, 7M)
Bottom of the 5th over - 0 run(s), 1 hit(s), 0 error(s), 1 left on base; Glenburn 1 - Nortonville 0
TOP OF THE 6TH
Glenburn Baboons batting - Pitching for Nortonville Cherokees : LHP Homer O'Lannigan
Batting: RHB Edgar García 0-0: Ball
1-0: Called Strike
1-1: Ball
2-1: Foul Ball, location: 2F
2-2: Strikes out looking
Batting: RHB Isaac Downey 0-0: Foul Ball, location: 2F
0-1: Ball
1-1: Foul Ball, location: 2F
1-2: Ball
2-2: Foul Ball, location: 2F
2-2: SINGLE (Line Drive, 78S)
Batting: LHB Jim Vaughan 0-0: Ball
1-0: Ball
2-0: Foul Ball, location: 2F
2-1: Foul Ball, location: 2F
2-2: Foul Ball, location: 2F
2-2: Strikes out swinging
Batting: RHB Dustin Walker 0-0: Called Strike
Isaac Downey steals 2nd base
0-1: Swinging Strike
0-2: Strikes out swinging
Top of the 6th over - 0 run(s), 1 hit(s), 0 error(s), 1 left on base; Glenburn 1 - Nortonville 0
BOTTOM OF THE 6TH
Nortonville Cherokees batting - Pitching for Glenburn Baboons : RHP Clay Clark
Batting: RHB José Correa 0-0: Ball
1-0: Called Strike
1-1: Called Strike
1-2: Ball
2-2: Foul Ball, location: 2F
2-2: Ground out 5-3 (Groundball, 5S)
Batting: RHB Bob MacGruder 0-0: Ball
1-0: Ball
2-0: Ball
3-0: Called Strike
3-1: Called Strike
3-2: Fly out, F8 (Flyball, 89XD)
Batting: RHB Lane Hancock 0-0: Fly out, F7 (Flyball, 7M)
Bottom of the 6th over - 0 run(s), 0 hit(s), 0 error(s), 0 left on base; Glenburn 1 - Nortonville 0
TOP OF THE 7TH
Glenburn Baboons batting - Pitching for Nortonville Cherokees : LHP Homer O'Lannigan
Batting: RHB Abdurahman Paloka 0-0: Called Strike
0-1: Fly out, F7 (Flyball, 78M)
Batting: LHB Joe McElroy 0-0: Ball
1-0: Ground out 6-3 (Groundball, 6M)
Batting: RHB Eddie Davis 0-0: Ball
1-0: Ball
2-0: Ball
3-0: Base on Balls
Batting: RHB Tim Martínez 0-0: Called Strike
0-1: Fielders Choice at 2nd, 6-4 (Groundball, 6)
Top of the 7th over - 0 run(s), 0 hit(s), 0 error(s), 0 left on base; Glenburn 1 - Nortonville 0
BOTTOM OF THE 7TH
Nortonville Cherokees batting - Pitching for Glenburn Baboons : RHP Clay Clark
Batting: RHB Ron Schneider 0-0: Called Strike
0-1: Called Strike
0-2: Ball
1-2: Foul Ball, location: 2F
1-2: Ground out 4-3 (Groundball, 6M)
Batting: RHB Edén Mont 0-0: Foul Ball, location: 2F
0-1: Ball
1-1: Ball
2-1: Ball
3-1: SINGLE (Line Drive, 9S)
Pitching: RHP Ed Stark
Pinch Hitting: LHB Jim Unknown 0-0: Fielders Choice at 2nd, 4-6 (Groundball, 34)
Batting: SHB Gonzalo Valentín 0-0: Called Strike
0-1: Swinging Strike
0-2: Ball
Jim Unknown steals 2nd base
1-2: Foul Ball, location: 2F
1-2: Foul Ball, location: 2F
1-2: Foul Ball, location: 2F
1-2: Ground out 3-1 (Groundball, 34S)
Bottom of the 7th over - 0 run(s), 1 hit(s), 0 error(s), 1 left on base; Glenburn 1 - Nortonville 0
TOP OF THE 8TH
Glenburn Baboons batting - Pitching for Nortonville Cherokees : LHP Homer O'Lannigan
Now in LF: Jim Unknown
Batting: RHB Tim Burnett 0-0: Called Strike
0-1: Swinging Strike
0-2: Strikes out swinging
Batting: RHB Edgar García 0-0: Ball
1-0: SINGLE (Flyball, 7S)
Pinch Hitting: RHB Jim Unknown 0-0: Called Strike
0-1: Fly out, F9 (Flyball, 89M)
Pitching: RHP Luis De La Hoya
Batting: LHB Jim Vaughan 0-0: Called Strike
0-1: SINGLE (Line Drive, 78S)
Edgar García to second
Batting: RHB Dustin Walker 0-0: Ball
1-0: Ball
2-0: Ground out 6-3 (Groundball, 6)
Top of the 8th over - 0 run(s), 2 hit(s), 0 error(s), 2 left on base; Glenburn 1 - Nortonville 0
BOTTOM OF THE 8TH
Nortonville Cherokees batting - Pitching for Glenburn Baboons : RHP Ed Stark
Pitching: LHP Roberto Bruno
Now in CF: Jim Unknown
Batting: RHB Chris Oudekirk 0-0: Called Strike
0-1: Called Strike
0-2: Ball
1-2: Strikes out swinging, 2-3 out at first.
Batting: RHB Víctor López 0-0: Ball
1-0: Swinging Strike
1-1: Ball
2-1: SINGLE (Groundball, 6MD)
Batting: RHB José Correa 0-0: Called Strike
0-1: Ball
1-1: Foul Ball, location: 2F
1-2: Strikes out swinging
Batting: RHB Bob MacGruder 0-0: Called Strike
0-1: Foul Ball, location: 2F
0-2: Ball
1-2: Foul Ball, location: 2F
1-2: Ball
2-2: Ground out 6-3 (Groundball, 6D)
Bottom of the 8th over - 0 run(s), 1 hit(s), 0 error(s), 1 left on base; Glenburn 1 - Nortonville 0
TOP OF THE 9TH
Glenburn Baboons batting - Pitching for Nortonville Cherokees : RHP Luis De La Hoya
Pitching: RHP Eduardo Capata
Batting: RHB Abdurahman Paloka 0-0: Ball
1-0: Ball
2-0: Ball
3-0: Called Strike
3-1: Ground out 5-3 (Groundball, 56)
Pitching: LHP Bob Bell
Batting: LHB Joe McElroy 0-0: Called Strike
0-1: Ball
1-1: Ball
2-1: Foul Ball, location: 2F
2-2: Foul Ball, location: 2F
2-2: Ground out 4-3 (Groundball, 4)
Pitching: RHP Roberto Cabrera
Batting: RHB Eddie Davis 0-0: SINGLE (Groundball, 56D)
Batting: RHB Tim Martínez 0-0: Ball
1-0: Ball
2-0: SINGLE (Groundball, 34D)
Eddie Davis to second
Runner from 2nd tries for 3rd, SAFE, throw made to third
Pinch Hitting: LHB Manny Guzmán 0-0: Fly out, F7 (Flyball, 7M)
Top of the 9th over - 0 run(s), 2 hit(s), 0 error(s), 2 left on base; Glenburn 1 - Nortonville 0
BOTTOM OF THE 9TH
Nortonville Cherokees batting - Pitching for Glenburn Baboons : LHP Roberto Bruno
Pitching: RHP Andrew Hayes
Now at 2B: José Hernández
Batting: RHB Lane Hancock 0-0: Ball
1-0: DOUBLE (Line Drive, 7D)
Pinch Hitting: SHB Chris Cordell 0-0: Ball
1-0: Swinging Strike
1-1: Ball
Wild Pitch!
Lane Hancock to third
2-1: SINGLE (Groundball, 34D)
Lane Hancock scores
Batting: RHB Edén Mont 0-0: Sac Bunt - play at first, batter safe!
Chris Cordell to second
Batting: LHB Jim Unknown 0-0: Ball
1-0: SINGLE (Line Drive, 9LS)
Chris Cordell to third
Edén Mont to second
Pinch Hitting: RHB Cristián Cruz 0-0: Fly out, F6 (Line Drive, 6)
Batting: RHB Chris Oudekirk 0-0: Ball
1-0: Ball
2-0: Grounds into fielders choice 1-2 (Groundball, 25)
Edén Mont to third
Jim Unknown to second
Pinch Hitting: RHB José Acosta 0-0: Ball
1-0: Foul Ball, location: 2F
1-1: SINGLE (Groundball, 4M)
Edén Mont scores
This league is powered by Out of the Park Baseball, the baseball management simulation game for PC, Mac and Linux
Monday, May 4th, 2015 - OOTP Baseball 15.6 Build 34